 Dungeon Crawl Stone Soup version 0.20-a0-73-g65ed1cb (webtiles) character file.

1915 KristoblXynda the Conjurer (level 8, -11/57 HPs)
             Began as a Red Draconian Conjurer on Nov 18, 2016.
             Mangled by an orc warrior
             ... wielding a +0 dire flail
              (18 damage)
             ... on level 7 of the Dungeon.
             The game lasted 00:20:08 (7863 turns).

KristoblXynda the Conjurer (Red Draconian Conjurer) Turns: 7863, Time: 00:20:08

Health: -11/57     AC: 13    Str: 10    XL:     8   Next: 95%
Magic:  6/16       EV: 10    Int: 27    God:
Gold:   307        SH:  9    Dex: 17    Spells: 2 memorised, 12 levels left

rFire  + . .     SeeInvis .     C - +3 dagger (flame)
rCold  + . .     Gourm    .     (armour unavailable)
rNeg   . . .     Faith    .     u - +0 shield of the Unbroken {Dex+6} (curse)
rPois  +         Spirit   .     p - +2 hat
rElec  .         Reflect  .     o - +1 cloak
rCorr  .         Harm     .     m - +0 pair of gloves
MR     .....                    x - +1 pair of boots
Stlth  ++++......               j - amulet of magic regeneration
                                i - ring of poison resistance
                                g - +6 ring of intelligence

@: short of breath
A: breathe fire, unfitting armour, antennae 1, stinger 1, clever 1, cold
resistance 1, fire resistance 1, high mp 1, cold-blooded, AC +6
a: Breathe Fire


You were on level 7 of the Dungeon.
You were not hungry.

You visited 1 branch of the dungeon, and saw 7 of its levels.

You collected 307 gold pieces.

Inventory:

Hand Weapons
 C - a +3 dagger of flaming (weapon)
Armour
 m - a +0 pair of gloves (worn)
 o - a +1 cloak (worn)
 p - a +2 hat (worn)
 u - the cursed +0 shield of the Unbroken (worn) {Dex+6}
   (You found it on level 5 of the Dungeon)

   It affects your dexterity (+6).
   It has a curse placed upon it.
 x - a +1 pair of boots (worn)
Jewellery
 g - a +6 ring of intelligence (left hand)
 i - a ring of poison resistance (right hand)
 j - an amulet of magic regeneration (around neck)
Wands
 w - a wand of teleportation (6/9)
Scrolls
 l - 2 scrolls of teleportation
 q - a scroll of fear
 s - a scroll of identify
 v - 2 scrolls of blinking
 y - a scroll of remove curse
Potions
 d - a potion of ambrosia
 e - 2 potions of agility
 f - a potion of heal wounds
 h - 4 potions of curing
 n - 3 potions of invisibility
 r - 2 potions of flight {unknown}
 t - a potion of berserk rage
 z - 2 potions of mutation {unknown}
 B - a potion of cancellation {unknown}
Books
 a - a book of Conjurations

   Spells                             Type                      Level
   a - Magic Dart                     Conjuration                  1
   b - Searing Ray                    Conjuration                  2
   c - Dazzling Spray                 Conjuration/Hexes            3
   d - Fulminant Prism                Conjuration/Hexes            4
   e - Iskenderun's Mystic Blast      Conjuration                  4
   f - Iskenderun's Battlesphere      Conjuration/Charms           5
Comestibles
 b - 5 bread rations
 c - 6 meat rations


   Skills:
 - Level 2.2 Short Blades
 - Level 1.7 Dodging
 + Level 6.6 Stealth
 + Level 4.6 Shields
 - Level 4.6 Spellcasting
 + Level 7.7 Conjurations


You had 12 spell levels left.
You knew the following spells:

 Your Spells              Type           Power        Failure   Level  Hunger
a - Magic Dart            Conj           ####         1%          1    None
b - Dazzling Spray        Conj/Hex       ####..       17%         3    ##.....


Dungeon Overview and Level Annotations

Branches:
Dungeon (7/15)
 Temple: D:4-7

Altars:
Cheibriados
Qazlal
Ru
Vehumet
Xom

Shops:
D:4 ?=:(   D:5 %


Innate Abilities, Weirdness & Mutations

You can breathe blasts of fire.
Your fiery red scales are hard. (AC +6)
You cannot fit into any form of body armour.
Your flesh is heat resistant. (rF+)
You are cold-blooded and may be slowed by cold attacks.
You have a pair of small antennae on your head.
Your tail ends in a poisonous barb.
Your mind is acute. (Int +2)
Your flesh is cold resistant. (rC+)
You have an increased reservoir of magic. (+10% MP)


Message History

The orc warrior is severely wounded.
You block the orc warrior's attack.
Casting: Magic Dart
Confirm with . or Enter, or press ? or * to list all spells.
Aiming: Magic Dart
Press: ? - help, Shift-Dir - straight line, f/p - orc warrior
Aim: an orc warrior, wielding a dire flail and wearing a chain mail (severely wounded)
The magic dart hits the orc warrior.
The orc warrior is severely wounded.
The orc warrior hits you with a dire flail!
* * * LOW HITPOINT WARNING * * *
Casting: Magic Dart
Confirm with . or Enter, or press ? or * to list all spells.
Aiming: Magic Dart
Press: ? - help, Shift-Dir - straight line, f/p - orc warrior
Aim: an orc warrior, wielding a dire flail and wearing a chain mail (severely wounded)
The magic dart hits the orc warrior.
The orc warrior is almost dead.
The orc warrior hits you with a dire flail!!
You die...

......# ####### ###########
#.........# #.........#
######
####)........#####....#####
...'.........'..@oZ.ยง.').>.
##.#.........#####....#####
#.########### #.)..# #.#
#....# #.# #....# #.# #....#
#.# #....# #.# #....#


You could see an orc warrior and a centaur zombie.

Vanquished Creatures
  Menkaure (D:6)
  The ghost of KristoblXynda the Shield-Bearer, an amateur OpFi (D:3)
  An ice beast (D:6)
  A black bear (D:6)
  3 sky beasts
  A phantom (D:4)
  A centaur (D:6)
  A big kobold (D:6)
  A bullfrog (D:6)
  A crimson imp (D:5)
  A centaur zombie (D:7)
  2 hounds
  A jelly (D:6)
  2 centaur skeletons
  An orc priest (D:6)
  Jessica (D:2)
  2 iguanas (D:6)
  4 worker ants
  5 orc wizards
  A hound skeleton (D:6)
  7 gnolls
  12 adders
  A shadow imp (D:4)
  2 oozes
  An adder zombie (D:6)
  2 adder skeletons
  5 worms
  A dart slug (D:3)
  3 leopard geckos
  23 orcs
  A ball python (D:3)
  8 bats
  8 giant cockroaches
  7 goblins
  7 hobgoblins
  7 jackals
  A quokka (D:3)
  A ball python skeleton (D:5)
  7 frilled lizards
  A giant cockroach zombie (D:6)
  A jackal zombie (D:7)
  10 kobolds
  A leopard gecko skeleton (D:4)
  11 rats
160 creatures vanquished.

Vanquished Creatures (others)
  A worker ant (D:7)
1 creature vanquished.

Grand Total: 161 creatures vanquished

Notes
Turn   | Place    | Note
-------+----------+-------------------------------------------
     0 | D:1      | KristoblXynda the Draconian Conjurer began the quest for the Orb.
     0 | D:1      | Reached XP level 1. HP: 14/14 MP: 3/3
   293 | D:1      | Reached XP level 2. HP: 20/20 MP: 0/5
  1035 | D:1      | Reached XP level 3. HP: 26/26 MP: 1/6
  1364 | D:2      | Found a snail-covered altar of Cheibriados.
  1364 | D:2      | Found a stormy altar of Qazlal.
  1364 | D:2      | Found a shimmering altar of Xom.
  1364 | D:2      | Found a sacrificial altar of Ru.
  1639 | D:2      | Noticed Jessica
  1642 | D:2      | Killed Jessica
  1642 | D:2      | Reached XP level 4. HP: 33/33 MP: 4/8
  2377 | D:3      | Noticed KristoblXynda's ghost (amateur OpFi)
  2402 | D:2      | Reached skill level 1 in Short Blades
  2682 | D:2      | Reached XP level 5. HP: 32/38 MP: 5/9
  2803 | D:3      | Reached skill level 5 in Conjurations
  3293 | D:3      | Killed KristoblXynda's ghost
  3293 | D:3      | Reached XP level 6. HP: 21/45 MP: 7/11
  3793 | D:3      | Learned a level 3 spell: Dazzling Spray
  4195 | D:4      | Found Mudix's Book Boutique.
  4403 | D:4      | Your scales start taking on a fiery red colour.
  4403 | D:4      | Reached XP level 7. HP: 50/50 MP: 5/13
  4403 | D:4      | Gained mutation: Your flesh is heat resistant. (rF+) [Red Draconian growth]
  4415 | D:4      | Found Sissy's Jewellery Boutique.
  4427 | D:4      | Found Jastrerish's Magic Scroll Shoppe.
  4586 | D:4      | Found Bicw's Weapon Boutique.
  4802 | D:4      | Reached skill level 6 in Conjurations
  4900 | D:5      | Entered Level 5 of the Dungeon
  5155 | D:5      | Found a radiant altar of Vehumet.
  5201 | D:5      | Got a warped shield
  5204 | D:5      | Found Powkoof's Food Emporium.
  5212 | D:5      | Identified the cursed +0 shield of the Unbroken {Dex+6} (You found it on level 5 of the Dungeon)
  5247 | D:5      | Reached skill level 1 in Shields
  5889 | D:6      | Noticed Menkaure
  5895 | D:6      | Killed Menkaure
  5895 | D:6      | Reached skill level 5 in Stealth
  5895 | D:6      | Reached XP level 8. HP: 57/57 MP: 8/14
  6455 | D:6      | Reached skill level 7 in Conjurations
  6614 | D:6      | Gained mutation: Your large and strong wings let you fly indefinitely. [mutagenic meat]
  6615 | D:6      | Gained mutation: You have a pair of small antennae on your head. [mutagenic meat]
  6616 | D:6      | Lost mutation: Your large and strong wings let you fly indefinitely. [mutagenic meat]
  7630 | D:7      | Gained mutation: You are weak. (Str -2) [mutagenic meat]
  7631 | D:7      | Gained mutation: Your flesh is cold resistant. (rC+) [mutagenic meat]
  7632 | D:7      | Gained mutation: Your tail ends in a poisonous barb. [mutagenic meat]
  7633 | D:7      | Gained mutation: You have an increased reservoir of magic. (+10% MP) [mutagenic meat]
  7634 | D:7      | Lost mutation: You are weak. (Str -2) [mutagenic meat]
  7635 | D:7      | Gained mutation: Your mind is acute. (Int +2) [mutagenic meat]
  7863 | D:7      | Mangled by an orc warrior

Vault maps used:
D:1:      lightli_arrival_chessboard, minmay_misc_feat_four_crosses,
          minmay_octomino_j4
D:2:      chequers_temple_overflow_statue_of_worship, uniq_jessica
D:4:      serial_shops, shop, nicolae_shop_behind_doors,
          nicolae_shop_window_shopping, shop, first_bread
D:5:      serial_shops, nicolae_shop_stone, corexii_corridor_pit,
          vehumet_altar_wand_db
D:6:      uniq_menkaure
D:7:      the_bakery, lemuel_flamethrower_1

Skill      XL: |  1  2  3  4  5  6  7  8 |
---------------+-------------------------+-----
Stealth        | 2 3 4 5 6 |  6.6
Spellcasting   | 3 4 |  4.6
Short Blades   | 1 2 |  2.2
Conjurations   | 5 6 7 |  7.7
Shields        | 2 4 |  4.6
Dodging        | |  1.7

Action                   |  1- 3 |  4- 6 |  7- 9 || total
-------------------------+-------+-------+-------++-------
Melee: Unarmed           |     8 |       |       ||     8
       Tailslap          |     6 |     3 |    19 ||    28
       Short sword       |    42 |       |       ||    42
       Dagger            |       |    47 |   140 ||   187
 Cast: Magic Dart        |    58 |   161 |   213 ||   432
 Abil: Breathe Fire      |       |       |     7 ||     7
  Use: Scroll            |     2 |     9 |    12 ||    23
       Potion            |       |     3 |       ||     3
 Stab: Sleeping          |     1 |     3 |     5 ||     9
       Distracted        |       |       |     2 ||     2
  Eat: Chunk             |     3 |     3 |    15 ||    21
       Fruit             |       |     7 |     2 ||     9
       Beef jerky        |       |     1 |     1 ||     2
       Pizza             |       |       |     1 ||     1
Armor: Skin              |    15 |    21 |    77 ||   113
Dodge: Dodged            |    35 |    58 |    65 ||   158
Block: Shield            |       |       |    61 ||    61
